 Dungeon Crawl Stone Soup version 0.27-a0-1191-g601b473118 (webtiles) character file.

Game seed: 12267859721818885601

15309 funkygono the Thaumaturge (level 12, -41/61 HPs)
             Began as a Deep Elf Fire Elementalist on May 24, 2021.
             Was a Priest of Vehumet.
             Annihilated by Rupert
             ... wielding a +2 great mace of venom
              (46 damage)
             ... on level 12 of the Dungeon.
             The game lasted 00:32:45 (15030 turns).

funkygono the Thaumaturge (DEFE)                   Turns: 15030, Time: 00:32:46

Health: -41/61     AC: 18    Str:  7    XL:     12   Next: 0%
Magic:  22/32      EV: 12    Int: 24    God:    Vehumet [***...]
Gold:   595        SH:  0    Dex: 15    Spells: 17/39 levels left

rFire    + . .     SeeInvis +   t - +10 quick blade "Mizezovi" {flame, +Rage rF+}
rCold    . . .     Faith    .   (no shield)
rNeg     . . .     Spirit   .   M - +0 acid dragon scales
rPois    .         Reflect  .   C - +0 helmet
rElec    .         Harm     .   E - +2 cloak {Will+}
rCorr    +         Rampage  .   i - +0 pair of gloves
Will     ++...                  j - +2 pair of boots {Fly}
Stlth    ++........             F - amulet of magic regeneration
HPRegen  0.20/turn              f - ring of see invisible
MPRegen  0.48/turn              e - +4 ring of protection

@: lethally poisoned (-41 -> -46), flying
A: no striking features
a: Renounce Religion, Evoke Berserk Rage


You were on level 12 of the Dungeon.
You worshipped Vehumet.
Vehumet was most pleased with you.
You visited 2 branches of the dungeon, and saw 13 of its levels.
You also visited: Bailey.

You collected 595 gold pieces.

Inventory:

Hand Weapons
 t - the +10 quick blade "Mizezovi" (weapon) {flame, +Rage rF+}
   (You acquired it on level 6 of the Dungeon)

   It has been specially enchanted to burn those struck by it, causing extra
   injury to most foes and up to half again as much damage against particularly
   susceptible opponents.
   It protects you from fire.
   It lets you go berserk.
 y - the +7 sceptre of Torment {pain, torment}
   (You took it off an orc in a bailey)

   In the hands of one skilled in necromantic magic, it inflicts extra damage on
   living creatures.
Missiles
 d - 406 stones
 l - 3 atropa-tipped darts
Armour
 g - the +1 robe "Buxires" {Fly rF+ Int+6}
   (You found it on level 4 of the Dungeon)

   It affects your intelligence (+6).
   It protects you from fire.
   It grants you flight.
 h - a +0 buckler
 i - a +0 pair of gloves (worn)
 j - a +2 pair of boots of flying (worn)
 p - a +2 robe of resistance
 C - a +0 helmet (worn)
 E - a +2 cloak of willpower (worn)
 G - the +2 hat of Limited Liability {rC+++ Dex+6}
   (You found it in a bailey)

   It affects your dexterity (+6).
   It renders you almost immune to cold.
 M - +0 acid dragon scales (worn)
Magical Staves
 b - a staff of air
Jewellery
 e - a +4 ring of protection (right hand)
 f - a ring of see invisible (left hand)
 w - a ring of resist corrosion
 F - an amulet of magic regeneration (around neck)
 I - a ring of poison resistance
Wands
 r - a wand of flame (27)
 s - a wand of charming (14)
 v - a wand of iceblast (22)
 B - a wand of paralysis (8)
 H - a wand of acid (9)
 K - a wand of mindburst (16)
Scrolls
 a - 2 scrolls of magic mapping
 x - a scroll of fear
 z - a scroll of teleportation
 J - a scroll of identify
Potions
 c - 4 potions of curing
 k - 2 potions of lignification
 m - a potion of magic
 n - a potion of berserk rage
 o - 3 potions of attraction
 q - 2 potions of mutation
 u - 3 potions of haste
 A - a potion of cancellation
 D - a potion of might
 L - 2 potions of brilliance


   Skills:
 + Level 1.3 Fighting
 + Level 3.1 Short Blades
 + Level 4.2 Dodging
 - Level 2.4 Stealth
 + Level 14.0 Spellcasting
 + Level 10.3 Conjurations
 + Level 0.1 Translocations
 + Level 11.2 Fire Magic
 * Level 2.5 Air Magic
 + Level 7.2 Earth Magic


You had 17 spell levels left.
You knew the following spells:

 Your Spells              Type           Power      Damage    Failure   Level
a - Foxfire               Conj/Fire      100%       2x1d9     1%          1
b - Conjure Flame         Conj/Fire      62%        6-21      1%          3
c - Sticky Flame          Conj/Fire      62%        2d8       1%          4
d - Fireball              Conj/Fire      31%        3d13      1%          5
e - Sandblast             Erth           100%       2d20      1%          1
f - Shock                 Conj/Air       100%       1d9       1%          1
g - Stone Arrow           Conj/Erth      100%       3d13      1%          3
h - Iskenderun's Mystic   Conj/Tloc      42%        2d10      2%          4

Your spell library contained the following spells:

 Spells                   Type           Power      Damage    Failure   Level
 Inner Flame              Hex/Fire       43%        N/A       1%          3
 Beastly Appendage        Tmut           32%        N/A       7%          1
 Wereblood                Tmut           16%        N/A       10%         2
 Spider Form              Tmut/Pois      8%         N/A       21%         3
 Ice Form                 Ice/Tmut       16%        N/A       54%         4
 Hydra Form               Tmut           8%         N/A       88%         5


Dungeon Overview and Level Annotations

Branches:
Dungeon (12/15)            Temple (1/1) D:5            Lair (0/6) D:8
    Orc (0/2) D:12         Bailey (visited)

Altars:
Ashenzari
Cheibriados
Dithmenos
Elyvilon
Fedhas
Gozag
Hepliaklqana
Kikubaaqudgha
Makhleb
Nemelex Xobeh
Okawaru
Qazlal
Ru
Sif Muna
Trog
Uskayaw
Vehumet
Wu Jian
Xom
Yredelemnul
Zin
The Shining One
Beogh

Shops:
D:5 [   D:6 (

Annotations:
D:5 3 runed translucent doors, PaladinM's ghost, novice DgWr
D:12 Rupert


Message History

Press: ? - help, Shift-Dir - straight line, f/p - Rupert
Aim: Rupert, wielding a +2 great mace of venom and wearing a +0 leather armour (moderately wounded, 100% to hit)
The sticky flame hits Rupert.
Rupert is moderately wounded.
Rupert is covered in liquid flames!
Rupert burns!
Rupert roars wildly at you.
You easily resist.
Rupert burns!
The two-headed ogre hits you with a +0 giant spiked club!
The two-headed ogre hits you with a +0 giant club!
Casting: Sticky Flame (safe; 1% risk of failure)
Confirm with . or Enter, or press ? or * to list all spells.
Aiming: Sticky Flame (safe; 1% risk of failure)
Press: ? - help, Shift-Dir - straight line, f - two-headed ogre, p - Rupert
Aim: a two-headed ogre, wielding a +0 giant spiked club and a +0 giant club (100% to hit)
The sticky flame hits the two-headed ogre!
The two-headed ogre is lightly wounded.
The two-headed ogre is covered in liquid flames!
Rupert burns!
The two-headed ogre burns!
The two-headed ogre barely misses you.
The two-headed ogre hits you with a +0 giant club!
Rupert roars madly and goes into a rage!
Rupert goes berserk!
Rupert burns!
The two-headed ogre burns!
A two-headed ogre comes into view.
It is wielding a +0 giant spiked club and a +0 giant club.
Things that are here:
a +0 giant club; a +0 giant spiked club; a two-headed ogre skeleton Rupert burns!
The two-headed ogre burns!
The two-headed ogre barely misses you.
The two-headed ogre hits you with a +0 giant club!
* * * LOW HITPOINT WARNING * * *
Rupert hits you but does no damage.
You are lethally poisoned!
* * * LOW HITPOINT WARNING * * *
You feel sick.
Rupert burns!
The two-headed ogre burns!
A cyclops comes into view.
* * * LOW HITPOINT WARNING * * *
You feel sick.
Rupert burns!
Rupert stops burning.
The two-headed ogre burns!
Rupert rages.
Rupert hits you with a +2 great mace of venom!!!
Ouch! That really hurt!
You die...

..(.. .C. #(####
#....# #....#
###.)#######
#.O....O.. ##@######.
#@# #.#
#############)########
.......<....†.).......
#############.########
#.## #### #..#
...##############.####
##...................#


You could see Rupert (berserk), a two-headed ogre (burning) and a cyclops.

Vanquished Creatures
  2 boulder beetles
  3 two-headed ogres
  Urug (D:10)
  An orc high priest (Bailey)
  2 orc knights (Bailey)
  A deep elf pyromancer (D:11)
  A manticore (D:11)
  An ugly thing (D:12)
  An orc sorcerer (Bailey)
  3 cyclopes (D:12)
  2 centaur zombies (D:10)
  Psyche (D:8)
  A hornet (D:7)
  A shadow (D:12)
  2 wyverns (D:9)
  4 yaks (D:10)
  3 acid dragons
  3 vampire mosquitoes (D:12)
  An ice beast (D:6)
  12 orc warriors
  A sky beast (D:4)
  5 centaurs
  2 ogres
  2 necrophages
  2 phantoms
  A kobold brigand (D:7)
  3 bullfrogs
  A gnoll sergeant (D:8)
  4 scorpions
  A water moccasin zombie (D:6)
  2 wyvern skeletons
  5 killer bees (D:7)
  5 howler monkeys
  5 wights (D:8)
  5 electric eels (Bailey)
  A bullfrog zombie (D:6)
  Crazy Yiuf (D:7)
  5 orc priests
  An iguana (D:5)
  12 orc wizards
  2 killer bee zombies
  A howler monkey zombie (D:8)
  18 gnolls
  6 adders
  A shadow imp (D:7)
  4 white imps
  3 worms
  4 dart slugs
  50 orcs
  3 bats
  An endoplasm (D:4)
  A giant cockroach (D:2)
  12 hobgoblins
  5 jackals
  7 quokkas
  6 ball pythons
  A frilled lizard (D:3)
  13 goblins
  7 kobolds
  9 rats
264 creatures vanquished.

Vanquished Creatures (others)
  925 foxfires
  6 fungi (D:8)
  9 plants (D:8)
  5 toadstools (D:1)
945 creatures vanquished.

Grand Total: 1209 creatures vanquished

Notes
Turn   | Place    | Note
-------+----------+-------------------------------------------
     0 | D:1      | funkygono the Deep Elf Fire Elementalist began the quest
                  | for the Orb.
     0 | D:1      | Reached XP level 1. HP: 10/10 MP: 6/6
   739 | D:2      | Reached XP level 2. HP: 15/15 MP: 5/8
  1367 | D:2      | Reached XP level 3. HP: 19/19 MP: 8/10
  1371 | D:2      | Learned a level 3 spell: Conjure Flame
  1885 | D:3      | Found an ancient bone altar of Kikubaaqudgha.
  1886 | D:3      | Found a shadowy altar of Dithmenos.
  1888 | D:3      | Found a stormy altar of Qazlal.
  1889 | D:3      | Found a basalt altar of Yredelemnul.
  1901 | D:3      | Reached skill level 4 in Spellcasting
  1901 | D:3      | Reached XP level 4. HP: 21/24 MP: 7/12
  2269 | D:3      | Reached XP level 5. HP: 28/28 MP: 2/14
  2589 | D:3      | Learned a level 4 spell: Sticky Flame
  2597 | D:3      | Learned a level 5 spell: Fireball
  2675 | D:4      | HP: 1/28 [killer bee zombie (4)]
  2679 | D:4      | Reached skill level 5 in Spellcasting
  2996 | D:4      | Reached skill level 5 in Fire Magic
  3147 | D:4      | Identified the +1 robe "Buxires" {Fly rF+ Int+6}
  3244 | D:4      | Reached XP level 6. HP: 32/32 MP: 9/16
  3385 | D:4      | Reached skill level 6 in Spellcasting
  3426 | D:4      | Noticed a sky beast
  3438 | D:4      | Killed a sky beast
  4048 | D:5      | Entered Level 5 of the Dungeon
  4092 | D:5      | Found Ahonwuopn's Armour Shoppe.
  4113 | D:5      | Reached XP level 7. HP: 32/36 MP: 15/19
  4196 | D:5      | Found a runed translucent gate.
  4196 | D:5      | Found an opulent altar of Gozag.
  4196 | D:5      | Found a runed translucent gate.
  4196 | D:5      | Noticed a yak
  4197 | D:5      | Found a runed translucent gate.
  4197 | D:5      | Noticed a wraith
  4197 | D:5      | Noticed PaladinM's ghost (novice DgWr)
  4255 | D:5      | Reached skill level 7 in Spellcasting
  5007 | D:5      | Found a staircase to the Ecumenical Temple.
  5024 | Temple   | Entered the Ecumenical Temple
  5145 | Temple   | Became a worshipper of Vehumet
  5518 | D:6      | Reached skill level 8 in Spellcasting
  5523 | D:6      | Reached skill level 5 in Conjurations
  5523 | D:6      | Reached XP level 8. HP: 26/41 MP: 14/22
  6111 | D:6      | Reached skill level 9 in Spellcasting
  6172 | D:6      | Found Xixoekle's Weapon Shoppe.
  6519 | D:6      | Found a shimmering altar of Xom.
  6705 | D:6      | Identified a scroll of acquirement
  6705 | D:6      | Acquired the +10 quick blade "Mizezovi" {flame, +Rage rF+}
  6999 | D:7      | Reached * piety under Vehumet
  6999 | D:7      | Offered knowledge of Sandblast by Vehumet.
  7142 | D:7      | Reached XP level 9. HP: 16/46 MP: 11/24
  7429 | D:7      | Learned a level 1 spell: Sandblast
  7895 | D:7      | Reached skill level 10 in Spellcasting
  8123 | D:7      | Found a bloodstained altar of Trog.
  8123 | D:7      | Found a white marble altar of Elyvilon.
  8129 | D:7      | Found a broken altar of Ashenzari.
  8131 | D:7      | Found a hazy altar of Hepliaklqana.
  8133 | D:7      | Found a snail-covered altar of Cheibriados.
  8484 | D:7      | Found a runed translucent door.
  8548 | D:7      | Noticed Crazy Yiuf
  8559 | D:7      | Killed Crazy Yiuf
  9001 | D:8      | Reached skill level 1 in Earth Magic
  9095 | D:8      | Found a staircase to the Lair.
  9471 | D:8      | Noticed Psyche
  9474 | D:8      | Killed Psyche
  9791 | D:8      | Reached ** piety under Vehumet
  9791 | D:8      | Offered knowledge of Shock by Vehumet.
 10007 | D:8      | Learned a level 1 spell: Shock
 10050 | D:9      | Reached skill level 11 in Spellcasting
 10477 | D:9      | Reached XP level 10. HP: 51/51 MP: 16/27
 10654 | D:10     | Entered Level 10 of the Dungeon
 10736 | D:10     | Reached skill level 1 in Short Blades
 11280 | D:10     | Found a flagged portal.
 11297 | Bailey   | Entered a bailey
 11365 | Bailey   | Reached skill level 5 in Earth Magic
 11608 | Bailey   | Noticed an orc high priest
 11608 | Bailey   | Noticed an orc sorcerer
 11860 | Bailey   | Killed an orc high priest
 11861 | Bailey   | Reached skill level 1 in Fighting
 11861 | Bailey   | Reached skill level 12 in Spellcasting
 11873 | Bailey   | Noticed a sun demon
 11878 | Bailey   | Killed an orc sorcerer
 11997 | Bailey   | Offered knowledge of Stone Arrow by Vehumet.
 12003 | Bailey   | Learned a level 3 spell: Stone Arrow
 12122 | Bailey   | Found an iron altar of Okawaru.
 12184 | Bailey   | Noticed an orc knight
 12205 | Bailey   | Killed an orc knight
 12217 | Bailey   | Reached *** piety under Vehumet
 12363 | Bailey   | Reached skill level 10 in Fire Magic
 12402 | Bailey   | Noticed an orc knight
 12408 | Bailey   | Killed an orc knight
 12409 | Bailey   | Reached XP level 11. HP: 56/56 MP: 11/29
 12852 | Bailey   | Identified the +2 hat of Limited Liability {rC+++ Dex+6}
 12902 | Bailey   | Acquired an amulet of magic regeneration
 13142 | D:10     | Noticed Urug
 13143 | D:10     | Noticed a two-headed ogre
 13151 | D:10     | Killed a two-headed ogre
 13154 | D:10     | Killed Urug
 13155 | D:10     | Reached skill level 13 in Spellcasting
 13217 | D:10     | Noticed a two-headed ogre
 13225 | D:10     | Killed a two-headed ogre
 13473 | D:11     | Found a bloodstained altar of Trog.
 13769 | D:11     | Noticed a boulder beetle
 13793 | D:11     | Killed a boulder beetle
 14133 | D:11     | Noticed a deep elf pyromancer
 14142 | D:11     | Killed a deep elf pyromancer
 14322 | D:12     | Noticed a boulder beetle
 14329 | D:12     | Killed a boulder beetle
 14329 | D:12     | Offered knowledge of Iskenderun's Mystic Blast by Vehumet.
 14330 | D:12     | Reached skill level 1 in Air Magic
 14335 | D:12     | Learned a level 4 spell: Iskenderun's Mystic Blast
 14540 | D:12     | Noticed a green ugly thing
 14555 | D:12     | Killed a green ugly thing
 14556 | D:12     | Reached skill level 10 in Conjurations
 14605 | D:12     | Found a staircase to the Orcish Mines.
 14740 | D:12     | Noticed a two-headed ogre
 14746 | D:12     | Noticed a boulder beetle
 14751 | D:12     | Killed a two-headed ogre
 14752 | D:12     | Reached skill level 14 in Spellcasting
 14977 | D:12     | Reached XP level 12. HP: 59/61 MP: 18/32
 15015 | D:12     | Noticed Rupert
 15016 | D:12     | Paralysed by Rupert for 6 turns
 15019 | D:12     | Noticed a two-headed ogre
 15027 | D:12     | Noticed a two-headed ogre
 15030 | D:12     | Annihilated by Rupert

Illustrated notes

Levels and vault maps discovered:
D:1:      ldierk_walled_garden, layout_basic
D:2:      layout_loops_cross
D:3:      layout_basic, chequers_temple_overflow_statue_of_worship
D:4:      layout_loops_ring
D:5:      layout_loops_ring, minmay_temple_entry_statues_fountains,
          serial_shops, nicolae_shop_behind_doors, ebering_ghost_gozag,
          chequers_serial_rivers_micro_b, moated_statue
D:6:      layout_basic, kennysheep_little_box, serial_shops, shop
D:7:      layout_layer_cave, chequers_temple_overflow_minitemple,
          grunt_ministairs_12, uniq_crazy_yiuf_cottage
D:8:      layout_rooms, dpeg_oklobed_lair, uniq_psyche
D:9:      layout_rooms
D:10:     layout_stronghold, enter_bailey_3, kennysheep_generic_room_15,
          uniq_urug
D:11:     layout_loops_ring, tgw_trog
D:12:     layout_rooms, minmay_orc_entry_temple_small, uniq_rupert
Temple:   minmay_temple_bridge_abc

Skill      XL: |  1  2  3  4  5  6  7  8  9 10 11 |
---------------+----------------------------------+-----
Fire Magic     | 4 5 6 7 8 10 11 | 11.2
Spellcasting   | 4 5 6 8 9 11 12 14 | 14.0
Conjurations   | 2 3 5 6 8 9 10 | 10.3
Dodging        | 3 4 |  4.2
Earth Magic    | 4 6 7 |  7.2
Short Blades   | 2 3 |  3.1
Fighting       | 1 |  1.3
Air Magic      | 2 |  2.5
Stealth        | |  2.4
Translocations | |  0.1

Action                   |  1- 3 |  4- 6 |  7- 9 | 10-12 || total
-------------------------+-------+-------+-------+-------++-------
Melee: Staff             |     5 |     7 |     7 |       ||    19
       Quick blade       |       |       |    27 |    58 ||    85
 Cast: Foxfire           |    46 |    96 |   210 |   206 ||   558
       Sticky Flame      |       |       |    18 |    24 ||    42
       Conjure Flame     |       |       |    13 |     2 ||    15
       Fireball          |       |       |     9 |    32 ||    41
       Sandblast         |       |       |     2 |       ||     2
       Shock             |       |       |       |     5 ||     5
       Iskenderun's Myst |       |       |       |     3 ||     3
  Use: Scroll            |     4 |     9 |     9 |     4 ||    26
       Potion            |       |     1 |     1 |       ||     2
 Stab: Sleeping          |       |       |     1 |       ||     1
Armor: Robe              |     5 |     5 |    15 |    25 ||    50
       Acid dragon scale |       |       |       |     1 ||     1
Dodge: Dodged            |     9 |    17 |    44 |    39 ||   109

Table legend: (Time is in decaauts)
 A = Elapsed time spent in this place.
 B = Non-inter-level travel time spent in this place.
 C = Inter-level travel time spent in this place.
 D = Time resting spent in this place.
 E = Time spent auto-exploring this place.
 F = Levels seen in this place.
 G = Mean time per level.
                   A        B        C        D        E       F      G
               +--------+--------+--------+--------+--------+-----+--------+
         Total |  15000 |  14755 |    245 |    972 |  11577 |  14 | 1071.4 |
       Dungeon |  13229 |  13010 |    219 |    848 |  10377 |  12 | 1102.4 |
        Temple |    156 |    131 |     25 |      0 |    116 |   1 |  156.0 |
        Bailey |   1614 |   1614 |      0 |    124 |   1084 |   1 | 1614.0 |
               +--------+--------+--------+--------+--------+-----+--------+

Top non-repeatable levels by time:
     D:7: 2174 daAuts
  Bailey: 1614 daAuts
     D:4: 1431 daAuts
     D:6: 1313 daAuts
     D:5: 1214 daAuts
     D:3: 1177 daAuts
    D:10: 1152 daAuts
     D:8: 1111 daAuts
    D:11: 981 daAuts
     D:2: 756 daAuts
     D:1: 683 daAuts
     D:9: 627 daAuts
    D:12: 605 daAuts
  Temple: 156 daAuts
